 Dungeon Crawl Stone Soup version 0.22-a0-271-gc000056 (webtiles) character file.

488 Zwobot the Skirmisher (level 7, -1/90 HPs)
             Began as a Barachi Hunter on Mar 11, 2018.
             Was an Initiate of Dithmenos.
             Slain by Pikel
             ... wielding a +0 whip of electrocution
              (18 damage)
             ... on level 4 of the Dungeon.
             The game lasted 00:19:22 (6037 turns).

Zwobot the Skirmisher (Barachi Hunter)              Turns: 6037, Time: 00:19:23

Health: -1/90      AC: 23    Str: 15    XL:     7   Next: 13%
Magic:  7/7        EV:  2    Int: 16    God:    Dithmenos [......]
Gold:   151        SH:  0    Dex: 18    Spells: 6/6 levels left

rFire    . . .     SeeInvis .   b - +0 short sword
rCold    . . .     Gourm    .   (no shield)
rNeg     + + +     Faith    .   (armour currently unavailable)
rPois    +         Spirit   .   (helmet currently unavailable)
rElec    .         Reflect  .   (cloak currently unavailable)
rCorr    .         Harm     .   (gloves currently unavailable)
MR       .....     NoTele   +   (boots currently unavailable)
Stlth    +++.......             (no amulet)
HPRegen  0.25/turn              (no ring)
MPRegen  0.10/turn              (no ring)

@: brilliant, agile, tree-form, very slightly contaminated, invisible
A: +LOS, swims
a: Renounce Religion


You were on level 4 of the Dungeon.
You worshipped Dithmenos.
Dithmenos was noncommittal.
You were not hungry.
You were a tree.
You visited 2 branches of the dungeon, and saw 6 of its levels.

You collected 151 gold pieces.

Inventory:

Hand Weapons
 a - a +1 hand crossbow
 b - a +0 short sword (weapon)
 w - a +0 hunting sling
Missiles
 k - 90 stones (quivered)
 p - 33 bolts
Armour
 c - a +0 leather armour (melded)
 h - a +0 chain mail
 o - a +0 helmet (melded)
 t - a +0 cloak (melded)
Jewellery
 g - an uncursed ring of ice
Scrolls
 i - 2 scrolls of magic mapping
 j - a scroll of teleportation
 l - 2 scrolls of amnesia {unknown}
 r - 3 scrolls of remove curse
 s - a scroll of noise {unknown}
 y - a scroll of immolation {unknown}
 A - a scroll of blinking {unknown}
Potions
 d - a potion of flight
 m - a potion of brilliance
Comestibles
 f - 4 rations
 v - 3 chunks of flesh


   Skills:
 + Level 7.3 Fighting
 + Level 5.1 Crossbows
 + Level 2.9 Dodging
 + Level 2.3 Stealth


You had 6 spell levels left.
You didn't know any spells.

Dungeon Overview and Level Annotations

Branches:
Dungeon (5/15)             Temple (1/1) D:5

Altars:
Ashenzari
Cheibriados
Dithmenos
Gozag
Hepliaklqana
Makhleb
Okawaru
Qazlal
Ru
Sif Muna
Uskayaw
Vehumet
Xom
Yredelemnul
Zin
The Shining One

Annotations:
D:4 Pikel
D:5 RoseArtemis's ghost, novice MiFi


Innate Abilities, Weirdness & Mutations

Shadows flee at your approach. (+LOS)
You can swim through water.
((You cover ground slowly.))
((You can hop short distances.))


Message History

Pikel is moderately wounded.
Pikel barely misses you.
You strike the helpless Pikel from behind!
You hit Pikel but do no damage.
Pikel is moderately wounded.
Pikel hits you but does no damage.
You closely miss Pikel.
Pikel is moderately wounded.
Pikel hits you but does no damage.
You hit Pikel but do no damage.
Pikel is moderately wounded.
Pikel hits you with a whip of electrocution.
Pikel hits you but does no damage.
You are electrocuted!
* * * LOW HITPOINT WARNING * * *
You hit Pikel.
Pikel is moderately wounded.
Pikel hits you but does no damage.
It was a potion of magic.
Magic courses through your body. Pikel hits you but does no damage.
You are electrocuted!
You die...

#.........###.........#......
#............##......##......
##..................<##......
#.##.....................#......
##.##.....................#......
...##.....>...............#######
#..##...................(.#
#..##............K........#
##..............♣..........
.........................#.
...#.#######....(##.....##..
...#...###...#...# .....
##...)...................
#####...................
....................
###............... .
##.........#....


You could see Pikel.

Vanquished Creatures
  4 slaves (D:3)
  An ogre (D:4)
  A quasit (D:5)
  A hound (D:4)
  2 bullfrog skeletons (D:4)
  An orc priest (D:4)
  An orc wizard (D:5)
  3 worker ants
  Robin (D:3)
  8 adders
  A worm (D:4)
  A dart slug (D:3)
  8 orcs
  14 goblins
  12 hobgoblins
  A jackal (D:1)
  2 quokkas
  2 bats
  6 frilled lizards
  7 kobolds
  A leopard gecko zombie (D:5)
  5 rats
83 creatures vanquished.

Vanquished Creatures (others)
  An orc (D:4)
1 creature vanquished.

Grand Total: 84 creatures vanquished

Notes
Turn   | Place    | Note
-------+----------+-------------------------------------------
     0 | D:1      | Zwobot the Barachi Hunter began the quest for the Orb.
     0 | D:1      | Reached XP level 1. HP: 17/17 MP: 1/1
    46 | D:1      | Reached skill level 1 in Stealth
   359 | D:1      | Reached skill level 3 in Fighting
   359 | D:1      | Reached XP level 2. HP: 24/24 MP: 2/2
   693 | D:2      | Reached XP level 3. HP: 24/29 MP: 3/3
   905 | D:2      | Noticed Robin
  1550 | D:3      | Killed Robin
  1550 | D:3      | Reached skill level 4 in Fighting
  1701 | D:2      | Reached XP level 4. HP: 35/37 MP: 4/4
  1776 | D:2      | Found an iron altar of Okawaru.
  2709 | D:3      | Noticed a phantom
  3305 | D:4      | Noticed an ogre
  3313 | D:4      | Killed an ogre
  3313 | D:4      | Reached skill level 6 in Fighting
  3313 | D:4      | Reached XP level 5. HP: 46/46 MP: 5/5
  3365 | D:4      | Reached XP level 6. HP: 28/53 MP: 6/6
  3524 | D:4      | Noticed a slave
  3525 | D:4      | Noticed a slave
  3528 | D:4      | Noticed a slave
  3532 | D:4      | Noticed a slave
  3547 | D:3      | Killed a slave
  3554 | D:3      | Killed a slave
  3787 | D:4      | Found a glowing golden altar of the Shining One.
  3801 | D:4      | Noticed Pikel
  3841 | D:3      | Killed a slave
  3981 | D:3      | Killed a slave
  4159 | D:4      | Found a hazy altar of Hepliaklqana.
  4339 | D:5      | Entered Level 5 of the Dungeon
  4345 | D:5      | Found a staircase to the Ecumenical Temple.
  4370 | Temple   | Entered the Ecumenical Temple
  4405 | Temple   | Became a worshipper of Dithmenos the Shadowed
  4592 | D:5      | Reached skill level 7 in Fighting
  4913 | D:5      | Noticed RoseArtemis's ghost (novice MiFi)
  4941 | D:5      | Found a shattered altar of Ashenzari.
  4956 | D:5      | Reached skill level 5 in Crossbows
  5006 | D:5      | Reached XP level 7. HP: 58/60 MP: 7/7
  5673 | D:5      | Found a sacrificial altar of Ru.
  5786 | D:5      | Found a shimmering altar of Xom.
  6037 | D:4      | Slain by Pikel

Vault maps used:
D:1:      eino_arrival_cavern_e, minmay_tripent
D:2:      lemuel_coloured_pillars_altar, first_ration, uniq_robin
D:4:      kennysheep_mini_moat, lemuel_doored_altar, uniq_pikel
D:5:      nicolae_overflow_crystal_walls, lemuel_round_altar, temple_green,
          cheibrodos_ashenzari_chains
Temple:   grunt_temple_mini_profane

Skill      XL: |  1  2  3  4  5  6 |
---------------+-------------------+-----
Stealth        | 1 2 |  2.3
Fighting       | 3 4 6 7 |  7.3
Crossbows      | 5 |  5.1
Dodging        | |  2.9

Action                   |  1- 3 |  4- 6 |  7- 9 || total
-------------------------+-------+-------+-------++-------
Melee: Short sword       |    66 |   165 |    50 ||   281
       Hand crossbow     |       |       |     1 ||     1
 Fire: Hand crossbow     |    30 |    87 |    21 ||   138
       Hunting sling     |    14 |       |       ||    14
Throw: Stone             |    14 |       |       ||    14
 Abil: Hop               |     4 |     3 |       ||     7
Evoke: Wand              |       |       |    12 ||    12
  Use: Scroll            |     2 |     5 |     1 ||     8
       Potion            |     2 |     2 |     8 ||    12
 Stab: Sleeping          |     1 |       |       ||     1
       Paralysed         |       |       |     8 ||     8
       Invisible         |       |       |     1 ||     1
  Eat: Chunk             |     3 |     6 |       ||     9
       Ration            |       |     2 |     1 ||     3
Armor: Leather armour    |    12 |    10 |     7 ||    29
       Chain mail        |    17 |   107 |       ||   124
       Skin              |       |       |    20 ||    20
Dodge: Dodged            |    45 |    85 |    20 ||   150

Table legend:
 A = Spawn XP
 B = Non-spawn XP
 C = Spawn XP percentage of total XP
 D = Spawn monster count
 E = Non-spawn monster count
 F = Spawn count percentage of total count
 G = Total turns spent on level
                    A         B        C        D         E        F      G
               +---------+---------+-------+---------+---------+-------+---------
         Total |       0 |     698 |   0.0 |       0 |      79 |   0.0 |  6037
               +---------+---------+-------+---------+---------+-------+---------
           D:1 |       0 |      20 |   0.0 |       0 |      13 |   0.0 |   634
           D:2 |       0 |      59 |   0.0 |       0 |      19 |   0.0 |  1348
           D:3 |       0 |      50 |   0.0 |       0 |      20 |   0.0 |  1819
           D:4 |       0 |     359 |   0.0 |       0 |      14 |   0.0 |  1185
           D:5 |       0 |     210 |   0.0 |       0 |      13 |   0.0 |   682
               +---------+---------+-------+---------+---------+-------+---------
